 Dungeon Crawl Stone Soup version 0.20-a0-820-g557356e (webtiles) character file.

226729 shas the Earth Mage (level 19, -20/118 HPs)
             Began as a Gargoyle Earth Elementalist on Feb 21, 2017.
             Was the Champion of Vehumet.
             Killed by the air
             ... invoked by a wind drake
              (25 damage)
             ... on level 4 of the Shoals on Mar 4, 2017.
             The game lasted 05:06:54 (40806 turns).

shas the Earth Mage (Gargoyle Earth Elementalist)  Turns: 40806, Time: 05:06:55

Health: -20/118    AC: 32    Str: 16    XL:     19   Next: 36%
Magic:  3/44       EV: 14    Int: 28    God:    Vehumet [******]
Gold:   3400       SH:  3    Dex: 15    Spells: 3/42 levels left

rFire    + + .     SeeInvis +   b - +7 demon whip (drain)
rCold    + . .     Gourm    .   J - +3 scale mail {rF+}
rNeg     + . .     Faith    .   G - +0 buckler {reflect}
rPois    ∞         Spirit   .   y - +0 helmet
rElec    +         Reflect  +   Y - scarf {rC+ rF+}
rCorr    .         Harm     .   j - +1 pair of gloves {Dex+3}
MR       +....                  s - +0 pair of boots
Stlth    ++........             g - amulet of Guriss Korar {rElec Regen+ Str+4 Int+4}
Regen    0.7/turn               t - ring of magical power
MPRegen  0.3/turn               z - ring of see invisible

@: flying, mesmerised
A: big wings, rugged brown scales 1, agile 1, negative energy resistance 1,
screaming 1, electricity resistance, unbreathing, petrification resistance, rot
immunity, AC +13
}: 1/15 runes: gossamer
a: Stop Flying, Renounce Religion


You were on level 4 of the Shoals.
You worshipped Vehumet.
Vehumet was exalted by your worship.
You were not hungry.

You visited 6 branches of the dungeon, and saw 32 of its levels.
You visited the Abyss 1 time.
You also visited: Labyrinth and Ossuary.

You collected 3400 gold pieces.

Inventory:

Hand Weapons
 b - a +7 demon whip of draining (weapon)
Missiles
 E - 207 stones (quivered)
Armour
 j - a +1 pair of gloves of dexterity (worn)
 s - a +0 pair of boots (worn)
 y - a +0 helmet (worn)
 G - a +0 buckler of reflection (worn)
 J - a +3 scale mail of fire resistance (worn)
 Y - a scarf of resistance (worn)
Jewellery
 c - an uncursed ring of protection from fire
 g - the amulet of Guriss Korar (around neck) {rElec Regen+ Str+4 Int+4}
   (You found it in a labyrinth)

   [amulet of regeneration]

   It affects your strength (+4).
   It affects your intelligence (+4).
   It insulates you from electricity.
   It increases your rate of regeneration.
 t - a ring of magical power (right hand)
 z - a ring of see invisible (left hand)
 D - the ring of Nemelex Xobeh's Envy {rC- rN+ Int+4}
   (You found it on level 6 of the Lair of Beasts)

   [ring of positive energy]

   It affects your intelligence (+4).
   It makes you vulnerable to cold.
   It protects you from negative energy.
 I - an uncursed ring of resist corrosion
Wands
 i - a wand of flame (20/48)
 k - a wand of digging (7/24)
 x - a wand of clouds (6/9)
 C - a wand of disintegration (8/24)
Scrolls
 v - 12 scrolls of remove curse
 K - 5 scrolls of recharging
 L - 3 scrolls of brand weapon
 P - 6 scrolls of enchant armour
 R - 3 scrolls of identify
 T - 5 scrolls of amnesia
Potions
 f - 2 potions of agility
 h - 8 potions of might
 l - 3 potions of curing
 m - 7 potions of ambrosia
 n - a potion of berserk rage
 p - 2 potions of brilliance
 M - 2 potions of mutation
 N - 2 potions of invisibility
 O - a potion of resistance
 S - 2 potions of cancellation
Books
 e - a book of Geomancy

   Spells                             Type                      Level
   a - Sandblast                      Earth                        1
   b - Passwall                       Transmutation/Earth          2
   c - Stone Arrow                    Conjuration/Earth            3
   d - Petrify                        Transmutation/Earth          4
   e - Lee's Rapid Deconstruction     Earth                        5
 w - Yckydwib's Incunabulum of Conjuration
   (You acquired it on level 5 of the Lair of Beasts)

   Spells                             Type                      Level
   a - Mephitic Cloud                 Conjuration/Poison/Air       3
   b - Iskenderun's Mystic Blast      Conjuration                  4
   c - Fulminant Prism                Conjuration/Hexes            4
   d - Force Lance                    Conjuration/Translocation    4
   e - Fireball                       Conjuration/Fire             5
   f - Bolt of Magma                  Conjuration/Fire/Earth       5
   g - Iron Shot                      Conjuration/Earth            6
 V - a book of Minor Magic

   Spells                             Type                      Level
   a - Magic Dart                     Conjuration                  1
   b - Blink                          Translocation                2
   c - Call Imp                       Summoning                    2
   d - Slow                           Hexes                        2
   e - Conjure Flame                  Conjuration/Fire             3
   f - Mephitic Cloud                 Conjuration/Poison/Air       3
Miscellaneous
 a - a crystal ball of energy
 o - a phial of floods (inert)
 u - a crystal ball of energy
 Z - a phantom mirror
Comestibles
 d - 3 bread rations
 Q - a meat ration
 W - a royal jelly


   Skills:
 + Level 11.2 Fighting
 + Level 10.1 Maces & Flails
 + Level 11.1 Armour
 + Level 9.1 Dodging
 - Level 7.7 Stealth
 + Level 12.2 Spellcasting
 + Level 13.2 Conjurations
 - Level 0.7 Transmutations
 * Level 12.3 Fire Magic
 + Level 15.5 Earth Magic
 + Level 9.6 Evocations


You had 3 spell levels left.
You knew the following spells:

 Your Spells              Type           Power        Failure   Level  Hunger
a - Sandblast             Erth           ######       1%          1    None
b - Iron Shot             Conj/Erth      #######...   2%          6    #####..
c - Lee's Rapid Deconstr  Erth           #######...   1%          5    ##.....
d - Bolt of Magma         Conj/Fire/Erth #######...   1%          5    ##.....
e - Conjure Flame         Conj/Fire      ######..     1%          3    None
f - Stone Arrow           Conj/Erth      ######       1%          3    None
g - Irradiate             Conj/Tmut      ######....   7%          5    ##.....
h - Fireball              Conj/Fire      ######....   1%          5    ##.....
i - Bolt of Fire          Conj/Fire      ######....   4%          6    #####..


Dungeon Overview and Level Annotations

Branches:
Dungeon (15/15)            Temple (1/1) D:7            Lair (6/6) D:10
 Shoals (4/4) Lair:2       Spider (4/4) Lair:4        Slime (0/5) Lair:5
    Orc (2/2) D:10            Elf (0/3) Orc:2        Vaults (0/5) D:14
 Depths (0/5) D:15

Altars:
Ashenzari
Cheibriados
Dithmenos
Elyvilon
Fedhas
Gozag
Hepliaklqana
Kikubaaqudgha
Makhleb
Nemelex Xobeh
Okawaru
Qazlal
Ru
Sif Muna
Trog
Uskayaw
Vehumet
Wu Jian
Xom
Yredelemnul
Zin
The Shining One
Beogh

Shops:
D:5 }   D:13 %?   Orc:1 }   Orc:2 ([*(

Portals:
Hell: Lair:6

Annotations:
D:4 2 exclusions, Sigmund
Shoals:4 Louise, Polyphemus


Innate Abilities, Weirdness & Mutations

You are resistant to torment.
Your stone body is resilient. (AC +13)
You are immune to poison.
Your large and strong wings let you fly indefinitely.
You resist negative energy. (rN+)
You are resistant to electric shocks. (rElec)
You can survive without breathing.
You are immune to petrification.
You are immune to rotting.
You are partially covered in rugged brown scales. (AC +1, +3% HP)
You are agile. (Dex +2)
You occasionally shout uncontrollably at your foes.


Message History

The merfolk siren is severely wounded.
The merfolk siren is engulfed in a cloud of scalding steam.
The merfolk siren chants a haunting song.
The merfolk javelineer hits you but does no damage.
The cyclops is engulfed in a cloud of scalding steam.
The merfolk siren chants its luring song.
Polyphemus hits your water elemental!!!
Your water elemental is destroyed!
The sea snake bites you.
* * * LOW HITPOINT WARNING * * *
The merfolk is engulfed in a cloud of scalding steam.
The merfolk closely misses you.
The merfolk aquamancer casts a spell at you.
The torrent of water misses you.
The torrent of water hits the merfolk impaler.
The merfolk impaler is knocked back by the torrent of water.
The wave splashes down.
The wind drake flaps its wings at you.
The air twists around and violently strikes you in flight!
You die...

.....(((..§§§≈≈≈≈#,,,≈,,,**,≈≈≈≈≈
.....k(..§§≈≈≈≈≈≈#*,*,*,***,≈≈≈≈≈
....@....§§§≈≈≈≈#**≈,,,≈≈*≈,≈≈≈≈≈
m.......[§§§§≈≈≈#*,,*,*,**,,≈≈≈≈≈
.........§§mC≈≈≈#*,,,≈,,,**,≈≈≈≈≈
.......#####≈§≈C###,*,*,,**,,,,≈≈
.....###***#§mmkm≈#****#*,,,,,,,,
...###,*#≈C≈#≈m§S≈##≈≈≈≈,,,,,,,,,
...≈*,,≈≈...#@m(@≈≈≈≈mm≈........≈
...***,#.#.##≈C≈Y≈.≈≈≈≈≈...C...≈≈
,,,,**≈.,.S,##≈≈≈≈≈≈≈≈≈≈.......≈#
,,,**,.*.#.**#≈≈≈≈≈≈≈≈≈≈......m≈≈
,,,**,,.≈,,,*≈≈≈≈≈≈≈≈≈≈≈,..m..≈≈#
,,,**,,***,*#≈≈≈≈≈≈≈≈≈≈≈,,...)≈≈#
,,,,,*** ***≈≈Y≈≈≈≈≈≈≈≈#≈**≈#.≈≈≈
,,,,,,****≈≈≈≈≈Y≈≈≈≈≈≈##*####(m≈≈
,,,,,,,,,,,,,,,,,,,,**,,,#≈()##..


You could see Polyphemus, Louise, a merfolk impaler, a merfolk javelineer, 2
death yaks, a catoblepas, a sea snake, a merfolk aquamancer, a wind drake, 2
merfolk, a cyclops and 2 merfolk sirens.

Vanquished Creatures
  Nikola (Shoals:4)
  Arachne (Spider:4)
  A kraken (Shoals:3)
  Frances (D:14)
  Agnes (D:15)
  Donald (Spider:1)
  3 ghost moths
  6 emperor scorpions
  An orc warlord (Orc:2)
  The ghost of Syneil the Brawler, a journeyman TrMo of Wu Jian (Lair:5)
  7 entropy weavers
  A dire elephant (Lair:6)
  A spark wasp (Spider:3)
  6 merfolk impalers
  The ghost of hittemvvvhard the Martial Artist, a journeyman DsBe of Trog (Lair:3)
  A fire dragon (D:15)
  Snorg (Lair:2)
  Josephine (D:10)
  A minotaur (Lab)
  3 merfolk javelineers
  An ice dragon (D:15)
  Harold (Lair:2)
  11 hydras
  An alligator snapping turtle (Shoals:3)
  6 merfolk aquamancers
  2 catoblepae
  A merfolk avatar (Shoals:4)
  A satyr (Shoals:2)
  13 two-headed ogres
  A queen ant (Spider:2)
  3 centaur warriors
  2 ogre magi
  2 tengu warriors (D:13)
  A death knight (D:15)
  3 death yaks (Lair:5)
  2 orc high priests (Orc:2)
  A fire crab (Lair:6)
  Nergalle (Lair:2)
  A sixfirhy (Lair:6)
  8 sea snakes
  An unseen horror (D:15)
  3 starcursed masses (Abyss:3)
  3 skeletal warriors (D:14)
  2 wizards
  2 orc knights (Orc:2)
  14 harpies
  A deep elf mage (D:15)
  14 orb spiders
  4 fauns
  2 ugly things
  3 moths of wrath (Spider:4)
  14 manticores
  3 oklob plants
  33 wolf spiders
  7 cyclopes
  2 black mambas
  4 water nymphs (Shoals:1)
  2 elephants (Lair:5)
  Maurice (D:10)
  4 merfolk sirens
  2 gargoyles (D:14)
  A torpor snail (Lair:6)
  19 spiny frogs
  A smoke demon (Lair:6)
  Psyche (D:8)
  3 orange demons (Lair:6)
  2 freezing wraiths (D:15)
  11 demonic crawlers
  6 rime drakes
  8 komodo dragons
  An efreet (D:15)
  2 redback zombies (D:15)
  A yaktaur (D:15)
  2 ice devils (Lair:6)
  2 trolls
  A polar bear (Lair:4)
  37 jumping spiders
  23 merfolk
  A harpy zombie (D:14)
  5 hornets
  Grinder (D:3)
  2 wind drakes
  2 wolf spider simulacra (D:15)
  A harpy skeleton (D:13)
  18 blink frogs
  11 snapping turtles
  17 hippogriffs
  11 slime creatures
  A hippogriff (shapeshifter) (D:13)
  A spriggan (shapeshifter) (D:13)
  4 dream sheep (Shoals:2)
  6 wraiths
  A spriggan (D:10)
  74 redbacks
  3 shadows
  36 tarantellas
  3 wyverns
  18 water elementals
  24 yaks
  Eustachio (D:5)
  A basilisk (Lair:2)
  3 golden eyes (Abyss:3)
  A steam dragon (D:12)
  Grum (D:10)
  7 vampire mosquitoes
  7 hungry ghosts
  An acid dragon (D:13)
  2 wargs (D:10)
  24 soldier ants
  14 water moccasins
  23 orc warriors
  4 hell hounds (Lair:6)
  4 porcupines
  2 sky beasts
  5 ice beasts
  A phantom (D:6)
  2 black bears
  13 ogres
  18 centaurs
  8 wolves
  16 crocodiles
  20 bullfrogs
  A water moccasin zombie (D:8)
  4 scorpions
  10 killer bees
  A howler monkey (D:8)
  9 wights
  3 electric eels (Lair:2)
  8 crimson imps
  4 centaur zombies
  8 hounds
  A gnoll shaman (D:4)
  4 jellies
  Crazy Yiuf (D:7)
  16 orc priests
  11 centaur skeletons
  2 iguanas
  3 bullfrog skeletons
  Ijyb (D:3)
  23 orc wizards
  4 hell rats (Lair:4)
  28 worker ants
  8 mummies (Ossuary)
  A hound skeleton (D:5)
  2 worker ant zombies
  7 gnolls
  10 adders
  4 shadow imps
  8 oozes
  2 adder zombies
  3 worms
  A dart slug (D:4)
  5 leopard geckos
  88 orcs
  7 bats
  5 giant cockroaches
  5 goblins
  14 hobgoblins
  15 jackals
  6 kobolds
  5 quokkas
  A ball python (D:4)
  9 frilled lizards
  A gnoll zombie (Ossuary)
  A goblin zombie (D:6)
  4 hobgoblin zombies (Ossuary)
  2 jackal skeletons (D:5)
  3 kobold zombies (Ossuary)
  A quokka skeleton (D:4)
  3 rats
  2 fungi
  4 plants
  3 tentacles (Shoals:3)
1134 creatures vanquished.

Vanquished Creatures (collateral kills)
  A merfolk (Shoals:2)
  2 water elementals (Shoals:2)
3 creatures vanquished.

Vanquished Creatures (others)
  Asterion (Spider:4)
  A merfolk javelineer (Shoals:4)
  2 death yaks (Lair:5)
  A cyclops (Shoals:2)
  2 merfolk
  12 fungi
  8 plants
  4 tentacles (Shoals:3)
31 creatures vanquished.

Grand Total: 1168 creatures vanquished

Notes
Turn   | Place    | Note
-------+----------+-------------------------------------------
     0 | D:1      | shas the Gargoyle Earth Elementalist began the quest for the Orb.
     0 | D:1      | Reached XP level 1. HP: 10/10 MP: 3/3
   299 | D:1      | Reached XP level 2. HP: 15/15 MP: 0/5
   536 | D:1      | Reached skill level 4 in Earth Magic
   665 | D:1      | Reached XP level 3. HP: 19/19 MP: 2/6
   739 | D:1      | Learned a level 3 spell: Stone Arrow
  1357 | D:2      | Reached XP level 4. HP: 24/24 MP: 4/8
  1379 | D:2      | Found an opulent altar of Gozag.
  1879 | D:3      | Noticed an ice beast
  1951 | D:3      | Killed an ice beast
  1951 | D:3      | Reached skill level 1 in Conjurations
  1951 | D:3      | Reached skill level 5 in Earth Magic
  1951 | D:3      | Reached XP level 5. HP: 14/28 MP: 1/10
  2288 | D:3      | Noticed Grinder
  2322 | D:3      | Paralysed by Grinder for 5 turns
  2331 | D:3      | Killed Grinder
  2331 | D:3      | Reached skill level 6 in Earth Magic
  2331 | D:3      | Reached XP level 6. HP: 27/32 MP: 2/11
  2423 | D:3      | Noticed Ijyb
  2427 | D:3      | Killed Ijyb
  2470 | D:3      | Reached XP level 7. HP: 31/36 MP: 7/13
  2942 | D:4      | Noticed Sigmund
  3115 | D:5      | Entered Level 5 of the Dungeon
  3361 | D:5      | Found a blossoming altar of Fedhas.
  3362 | D:5      | Found a basalt altar of Yredelemnul.
  3392 | D:5      | Found Toqan's Gadget Shop.
  3512 | D:5      | Found a shadowy altar of Dithmenos.
  3557 | D:5      | Reached skill level 7 in Earth Magic
  3844 | D:5      | Noticed Eustachio
  3868 | D:5      | Killed Eustachio
  3868 | D:5      | Reached XP level 8. HP: 19/41 MP: 0/15
  4082 | D:6      | Reached skill level 5 in Stealth
  4190 | D:6      | Found a sand-covered staircase.
  4195 | Ossuary  | Entered an ossuary
  4372 | Ossuary  | Reached skill level 8 in Earth Magic
  4592 | Ossuary  | Reached skill level 5 in Spellcasting
  5085 | D:6      | Found a snail-covered altar of Cheibriados.
  5805 | D:7      | Found a sparkling altar of Nemelex Xobeh.
  6266 | D:7      | Reached skill level 9 in Earth Magic
  6266 | D:7      | Reached XP level 9. HP: 45/45 MP: 14/17
  6534 | D:7      | Found a staircase to the Ecumenical Temple.
  6539 | Temple   | Entered the Ecumenical Temple
  6560 | Temple   | Became a worshipper of Vehumet
  6765 | D:7      | Reached skill level 5 in Conjurations
  7037 | D:7      | Found a runed door.
  7041 | D:7      | Noticed Crazy Yiuf
  7043 | D:7      | Killed Crazy Yiuf
  7309 | D:7      | Reached skill level 10 in Earth Magic
  7680 | D:8      | Reached * piety under Vehumet
  7680 | D:8      | Offered knowledge of Shock by Vehumet.
  7786 | D:8      | Learned a level 5 spell: Lee's Rapid Deconstruction
  7786 | D:8      | Upgraded the game from 0.20-a0-709-gd40821f to 0.20-a0-731-gecde0bf
  7847 | D:8      | Learned a level 1 spell: Shock
  7887 | D:8      | Noticed Psyche
  8073 | D:8      | Killed Psyche
  8073 | D:8      | Reached XP level 10. HP: 50/50 MP: 20/20
  8725 | D:8      | Noticed a two-headed ogre
  8859 | D:9      | Offered knowledge of Freeze by Vehumet.
  8860 | D:9      | Reached ** piety under Vehumet
  8957 | D:9      | Reached skill level 1 in Armour
  8965 | D:9      | Killed a two-headed ogre
  8965 | D:9      | Reached skill level 1 in Maces & Flails
  8965 | D:9      | Reached skill level 1 in Evocations
  9039 | D:9      | Noticed a two-headed ogre
  9043 | D:9      | Killed a two-headed ogre
  9043 | D:9      | Reached skill level 1 in Fighting
  9043 | D:9      | Reached skill level 11 in Earth Magic
  9122 | D:9      | Noticed a two-headed ogre
  9126 | D:9      | Killed a two-headed ogre
  9146 | D:9      | Reached XP level 11. HP: 54/57 MP: 11/22
  9667 | D:10     | Entered Level 10 of the Dungeon
  9801 | D:10     | Offered knowledge of Ignite Poison by Vehumet.
  9807 | D:10     | Noticed Josephine
  9841 | D:9      | Reached *** piety under Vehumet
  9966 | D:10     | Found a staircase to the Lair.
 10178 | D:10     | Found a staircase to the Orcish Mines.
 10190 | D:10     | Noticed a two-headed ogre
 10192 | D:10     | Killed Josephine
 10193 | D:10     | Killed a two-headed ogre
 10566 | D:10     | Noticed Grum
 10573 | D:10     | Killed Grum
 10686 | D:10     | Noticed Maurice
 10689 | D:10     | Killed Maurice
 10689 | D:10     | Offered knowledge of Olgreb's Toxic Radiance by Vehumet.
 11065 | D:11     | Noticed a white ugly thing
 11073 | D:11     | Killed a white ugly thing
 11094 | D:11     | Noticed a cyclops
 11110 | D:11     | Killed a cyclops
 11110 | D:11     | Reached XP level 12. HP: 66/66 MP: 5/24
 11284 | D:11     | Reached **** piety under Vehumet
 11305 | D:11     | Noticed an eight-headed hydra
 11317 | D:11     | Killed an eight-headed hydra
 11667 | D:11     | Noticed a six-headed hydra
 11669 | D:11     | Killed a six-headed hydra
 11669 | D:11     | Reached skill level 5 in Armour
 11669 | D:11     | Reached skill level 12 in Earth Magic
 12249 | D:12     | Identified a scroll of acquirement
 12255 | D:12     | Learned a level 3 spell: Conjure Flame
 12294 | D:12     | Offered knowledge of Throw Icicle by Vehumet.
 12350 | D:12     | Reached skill level 5 in Fighting
 12357 | D:12     | Reached skill level 1 in Fire Magic
 12667 | D:12     | Noticed a two-headed ogre
 12672 | D:12     | Killed a two-headed ogre
 12673 | D:12     | Noticed a four-headed hydra
 12681 | D:12     | Killed a four-headed hydra
 12960 | D:12     | Noticed a two-headed ogre
 12966 | D:12     | Killed a two-headed ogre
 13035 | D:12     | Reached skill level 5 in Maces & Flails
 13251 | D:13     | Noticed a tengu warrior
 13255 | D:13     | Killed a tengu warrior
 13255 | D:13     | Reached XP level 13. HP: 73/73 MP: 24/26
 13442 | D:13     | Found Suvvaa's Food Shop.
 13745 | D:13     | Gained mutation: You occasionally shout uncontrollably at your foes. [potion of mutation]
 13745 | D:13     | Gained mutation: You are partially covered in rugged brown scales. (AC +1, +3% HP) [potion of mutation]
 13745 | D:13     | Gained mutation: You are agile. (Dex +2) [potion of mutation]
 14015 | D:13     | Reached skill level 5 in Evocations
 14491 | Lair:1   | Entered Level 1 of the Lair of Beasts
 15546 | Lair:1   | Reached skill level 5 in Dodging
 15638 | Lair:2   | Reached ***** piety under Vehumet
 15667 | Lair:2   | Offered knowledge of Venom Bolt by Vehumet.
 15702 | Lair:2   | Reached skill level 10 in Spellcasting
 15702 | Lair:2   | Reached skill level 10 in Conjurations
 15702 | Lair:2   | Reached skill level 5 in Fire Magic
 15702 | Lair:2   | Reached skill level 13 in Earth Magic
 15702 | Lair:2   | Gained mutation: Your large and strong wings let you fly indefinitely. [Gargoyle growth]
 15702 | Lair:2   | Reached XP level 14. HP: 82/82 MP: 28/28
 15791 | Lair:2   | Found a staircase to the Shoals.
 16037 | Lair:2   | Noticed Harold
 16046 | Lair:2   | Killed Harold
 16052 | Lair:2   | Noticed Nergalle
 16058 | Lair:2   | Killed Nergalle
 16580 | Lair:2   | Upgraded the game from 0.20-a0-731-gecde0bf to 0.20-a0-754-g13ddd6e
 16812 | Lair:3   | Noticed hittemvvvhard's ghost (journeyman DsBe)
 16876 | Lair:3   | Noticed Snorg
 17093 | Lair:2   | Killed Snorg
 17093 | Lair:2   | Reached XP level 15. HP: 88/88 MP: 26/29
 18071 | Lair:3   | Killed hittemvvvhard's ghost
 18232 | Lair:4   | Found a labyrinth entrance.
 18242 | Lab      | Entered a labyrinth
 18329 | Lab      | Got a steaming pewter amulet
 18335 | Lab      | Identified the amulet of Guriss Korar {rElec Regen+ Str+4 Int+4} (You found it in a labyrinth)
 18837 | Lair:4   | Found a hole to the Spider Nest.
 19660 | Lair:5   | Noticed Syneil's ghost (journeyman TrMo)
 19674 | Lair:5   | Killed Syneil's ghost
 20208 | Lair:5   | Found a staircase to the Slime Pits.
 20478 | Lair:5   | Identified Yckydwib's Incunabulum of Conjuration (You acquired it on level 5 of the Lair of Beasts)
 20487 | Lair:5   | Learned a level 6 spell: Iron Shot
 20493 | Lair:5   | Learned a level 5 spell: Bolt of Magma
 20702 | Lair:6   | Entered Level 6 of the Lair of Beasts
 21475 | Lair:6   | Found a burning altar of Makhleb.
 21753 | Lair:6   | Found a gateway to Hell.
 21783 | Lair:6   | Got a heavily runed amber ring
 21800 | Lair:6   | Identified the ring of Nemelex Xobeh's Envy {rC- rN+ Int+4} (You found it on level 6 of the Lair of Beasts)
 22483 | Orc:1    | Entered Level 1 of the Orcish Mines
 22526 | Orc:1    | Offered knowledge of Irradiate by Vehumet.
 22533 | Orc:1    | Learned a level 5 spell: Irradiate
 22623 | Orc:1    | Found Hizab's Gadget Shoppe.
 22766 | Orc:2    | Entered Level 2 of the Orcish Mines
 22802 | Orc:2    | Found a staircase to the Elven Halls.
 23054 | Orc:2    | Found a roughly hewn altar of Beogh.
 23108 | Orc:2    | Reached ****** piety under Vehumet
 23134 | Orc:2    | Found a roughly hewn altar of Beogh.
 23191 | Orc:2    | Found a roughly hewn altar of Beogh.
 23195 | Orc:2    | Found Jomej's General Store.
 23289 | Orc:2    | Reached XP level 16. HP: 96/96 MP: 6/30
 23739 | Orc:2    | Offered knowledge of Iskenderun's Battlesphere by Vehumet.
 23931 | Orc:2    | Reached skill level 14 in Earth Magic
 24203 | Orc:2    | Found Peuxosk's Antique Armour Shoppe.
 24204 | Orc:2    | Found a roughly hewn altar of Beogh.
 24210 | Orc:2    | Found Boabelaj's Antique Weapon Emporium.
 24380 | Orc:2    | Found a roughly hewn altar of Beogh.
 24733 | Orc:2    | Found a roughly hewn altar of Beogh.
 24743 | Orc:2    | Found Yxzadd's Weapon Shop.
 25144 | D:13     | Found Ruam's Magic Scroll Shop.
 25835 | D:14     | Found a gate to the Vaults.
 25872 | D:14     | Noticed Frances
 25876 | D:14     | Killed Frances
 26095 | D:14     | Found a deep blue altar of Sif Muna.
 26672 | D:15     | Entered Level 15 of the Dungeon
 27082 | D:15     | Noticed Agnes
 27092 | D:15     | Learned a level 5 spell: Fireball
 27312 | D:14     | Upgraded the game from 0.20-a0-754-g13ddd6e to 0.20-a0-785-g17250f0
 27354 | D:15     | Offered knowledge of Conjure Ball Lightning by Vehumet.
 27891 | D:15     | Killed Agnes
 28389 | D:15     | Found a staircase to the Depths.
 28680 | Spider:1 | Entered Level 1 of the Spider Nest
 29537 | Spider:1 | Reached XP level 17. HP: 103/103 MP: 31/32
 29545 | Spider:1 | Noticed Donald
 29555 | Spider:1 | Killed Donald
 30038 | Spider:1 | Upgraded the game from 0.20-a0-785-g17250f0 to 0.20-a0-809-gaf7f668
 30100 | Spider:1 | Offered knowledge of Spellforged Servitor by Vehumet.
 30707 | Spider:1 | Reached skill level 10 in Fire Magic
 32538 | Spider:1 | Reached skill level 10 in Armour
 32755 | Spider:3 | Offered knowledge of Poison Arrow by Vehumet.
 32875 | Spider:3 | Reached skill level 10 in Fighting
 33503 | Spider:4 | Entered Level 4 of the Spider Nest
 33503 | Spider:4 | Noticed Asterion
 33869 | Spider:4 | Noticed Arachne
 34274 | Spider:4 | Killed Arachne
 34687 | Spider:4 | Killed Asterion
 35161 | Spider:4 | Reached skill level 15 in Earth Magic
 35165 | Spider:4 | Reached XP level 18. HP: 111/111 MP: 26/33
 35473 | Spider:4 | Offered knowledge of Bolt of Fire by Vehumet.
 35489 | Spider:3 | Learned a level 6 spell: Bolt of Fire
 36384 | Spider:4 | Got a gossamer rune of Zot
 36780 | Shoals:1 | Entered Level 1 of the Shoals
 37061 | Shoals:1 | Offered knowledge of Chain Lightning by Vehumet.
 37061 | Shoals:1 | Offered knowledge of Tornado by Vehumet.
 37061 | Shoals:1 | Offered knowledge of Ignition by Vehumet.
 38215 | Shoals:2 | HP: 1/111 [merfolk/trident (7)]
 38332 | Shoals:1 | Upgraded the game from 0.20-a0-809-gaf7f668 to 0.20-a0-820-g557356e
 39583 | Shoals:3 | Reached XP level 19. HP: 117/117 MP: 35/35
 40314 | Shoals:4 | Entered Level 4 of the Shoals
 40350 | Shoals:4 | Reached skill level 10 in Maces & Flails
 40693 | Shoals:4 | Noticed Nikola
 40703 | Shoals:4 | Noticed Louise
 40708 | Shoals:4 | Killed Nikola
 40712 | Shoals:4 | Cast into level 3 of the Abyss (Louise)
 40780 | Shoals:4 | Escaped the Abyss
 40792 | Shoals:4 | Noticed Polyphemus
 40806 | Shoals:4 | HP: 5/118 [sea snake (6)]
 40806 | Shoals:4 | Killed from afar by a wind drake

Vault maps used:
D:1:      dpeg_arrival_signposts
D:2:      grunt_gozag_breadcrumbs
D:3:      uniq_iyjb, uniq_grinder
D:4:      sigmund_edmund_badplayer
D:5:      nicolae_dithmenos_the_darkroom,
          chequers_temple_overflow_statue_of_worship, serial_shops,
          shop_fountains, first_bread, uniq_eustachio
D:6:      nicolae_overflow_crystal_walls, enter_ossuary_3,
          minmay_misc_feat_plants, water_maze_lemuel
D:7:      statuecave_lemuel, nemelex_xobeh_ov_fountains_minmay, temple_doors_cd,
          serial_park_tiny_pond, uniq_crazy_yiuf_cottage
D:8:      uniq_psyche
D:10:     erik_lair_orcish_takeover, orc_0_dummy, the_bakery, uniq_maurice,
          uniq_josephine, uniq_grum
D:12:     minmay_librarian
D:13:     serial_shops, shop_fountains, nicolae_shop_stone,
          kennysheep_small_circle
D:14:     david_vaults_2, lemuel_blue_sif_altar, uniq_frances
D:15:     grunt_enter_depths_hoard, minivault_23, corexii_leaking_fountain,
          uniq_agnes
Temple:   regret_index_temple_sphere_string
Lair:1:   grunt_megastairs_3
Lair:2:   minmay_shoals_entry_centaurs, minivault_25, minmay_lair_oklob_chamber,
          serial_bayou_shore_a, uniq_harold, uniq_nergalle
Lair:3:   lemuel_fruit_tree, grunt_megastairs_1, uniq_snorg
Lair:4:   spider_nest_entry_a, lab_entry_generic,
          eino_small_chamber_without_monster, lemuel_fruit_fields,
          infiniplex_staircase_pool
Lair:5:   nicolae_slime_entry_slimehenge
Lair:6:   evil_forest
Shoals:1: nicolae_shoals_mertower
Shoals:3: nicolae_shoals_loop_pool
Shoals:4: shoals_end_grunt_ice, shoals_ilsuiw_ice, uniq_nikola, uniq_polyphemus,
          uniq_louise
Spider:1: uniq_donald
Spider:2: minivault_29
Spider:4: grunt_spider_rune_parallel, spider_trap, uniq_asterion, uniq_arachne
Orc:1:    serial_shops, shop
Orc:2:    grunt_orc_community_town_hall, grunt_orc_community_big_house_1,
          grunt_orc_community_big_house_1, grunt_orc_community_house_1,
          grunt_orc_community_house_3, grunt_orc_community_house_3,
          grunt_orc_community_house_3, grunt_orc_community_house_3,
          grunt_orc_community_house_3
Abyss:3:  evilmike_abyss_exit_10
Lab:      nicolae_lab_plus, nicolae_lab_grate, nicolae_lab_starburst,
          labyrinth_skeletal_remains, lab_statue, nicolae_lab_lava
Ossuary:  ossuary_tomb_3

Skill      XL: |  1  2  3  4  5  6  7  8  9 10 11 12 13 14 15 16 17 18 19 |
---------------+----------------------------------------------------------+-----
Earth Magic    | 4 5 6 7 9 10 11 12 13 14 15 | 15.5
Spellcasting   | 3 4 5 6 7 8 9 10 11 12 | 12.2
Stealth        | 3 4 5 7 |  7.7
Conjurations   | 1 2 3 4 6 7 8 9 10 11 12 13 | 13.2
Armour         | 2 4 5 7 8 9 10 11 | 11.1
Maces & Flails | 2 3 5 6 7 8 9 10 | 10.1
Dodging        | 2 3 4 5 6 7 8 9 |  9.1
Evocations     | 2 3 4 5 6 7 8 9 |  9.6
Fighting       | 2 4 5 6 7 8 9 10 11 | 11.2
Fire Magic     | 3 5 6 8 9 10 12 | 12.3
Transmutations | |  0.7

Action                   |  1- 3 |  4- 6 |  7- 9 | 10-12 | 13-15 | 16-18 | 19-21 || total
-------------------------+-------+-------+-------+-------+-------+-------+-------++-------
Melee: Whip              |     6 |       |       |       |       |       |       ||     6
       Flail             |       |    10 |    51 |     3 |     6 |    24 |       ||    94
       Demon whip        |       |       |       |       |       |   482 |   161 ||   643
 Cast: Sandblast         |    54 |    61 |   114 |    67 |   110 |   189 |     1 ||   596
       Stone Arrow       |       |     2 |   106 |   178 |   364 |       |       ||   650
       Shock             |       |       |     2 |     3 |       |       |       ||     5
       Lee's Rapid Decon |       |       |     1 |    51 |    51 |   106 |     9 ||   218
       Conjure Flame     |       |       |       |     2 |     9 |     1 |       ||    12
       Iron Shot         |       |       |       |       |    85 |   457 |    21 ||   563
       Bolt of Magma     |       |       |       |       |       |    16 |     9 ||    25
       Irradiate         |       |       |       |       |       |    12 |     2 ||    14
       Fireball          |       |       |       |       |       |    12 |     3 ||    15
 Abil: Hurl Damnation    |       |       |       |       |     1 |       |       ||     1
Evoke: Wand              |       |       |       |       |       |     3 |       ||     3
       Phial of floods   |       |       |       |       |       |     1 |     1 ||     2
  Use: Scroll            |     2 |     4 |    13 |     4 |    18 |    28 |     4 ||    73
       Potion            |       |       |       |     1 |     2 |    22 |     7 ||    32
 Stab: Distracted        |       |       |       |       |       |     1 |       ||     1
  Eat: Chunk             |     2 |     3 |     8 |    10 |    12 |    45 |     2 ||    82
       Fruit             |       |       |     1 |       |     8 |     8 |       ||    17
       Bread ration      |       |       |     1 |       |       |    14 |       ||    15
       Royal jelly       |       |       |     2 |     1 |     3 |     5 |     1 ||    12
       Meat ration       |       |       |     1 |     3 |     7 |     5 |     1 ||    17
Armor: Robe              |     3 |    10 |    11 |    48 |   119 |    25 |       ||   216
       Leather armour    |       |       |    32 |       |       |       |       ||    32
       Ring mail         |       |       |       |       |       |   383 |       ||   383
       Scale mail        |       |       |       |       |       |   429 |   121 ||   550
Dodge: Dodged            |     7 |    12 |    96 |    65 |   126 |   789 |   133 ||  1228
Block: Buckler           |       |       |       |       |    34 |   179 |    29 ||   242
       Reflection        |       |       |       |       |     1 |    12 |       ||    13
